Cogmind - Beta 10.2 @@@ ROGUE MODE // 2022.01.16 @ 23:49:38 Player: mr pogger Result: Destroyed by D-53 Grenadier with Mini Grenade Launcher Performance ------------- Evolutions (0) 0 Regions Visited (2) 400 Robots Destroyed (6) 30 Value Destroyed (118) 118 Prototype IDs (0) 0 Alien Tech Used (0) 0 Bonus (0) 0 TOTAL SCORE: 548 Bonus ------- None Cogmind --------- Core Integrity 0/250 Matter 300/300 Energy 98/100 System Corruption 0% Temperature Cool (1) Movement Walking (120) Location -10/Mines Parts ------- > --- POWER (1) -------- (None) > --- PROPULSION (2) --- Aluminum Leg > --- UTILITY (2) ------ Small Storage Unit > --- WEAPON (2) ------- (None) > --- INVENTORY (6) ---- Light Ion Engine Light Nuclear Core EM Pulse Gun Particle Gun Mining Laser Peak State ------------ > --- POWER ------------ Ion Engine > --- PROPULSION ------- Aluminum Leg Aluminum Leg > --- UTILITY ---------- Small Storage Unit Tractor Beam > --- WEAPON ----------- EM Pulse Gun Small Laser > --- INVENTORY -------- Light Ion Engine Light Treads Light Treads EM Pulse Gun [Rating: 7] Favorites ----------- Power Ion Engine Engine Ion Engine Propulsion Aluminum Leg Leg Aluminum Leg Utility Small Storage Unit Device Tractor Beam Storage Small Storage Unit Weapon Small Laser Energy Gun Small Laser Ballistic Gun Light Assault Rifle Build | -11 -10 -10 ------- Run | Scr Mat Min Slots Evolved . | . . . Power . | . . . Propulsion . | . . . Utility . | . . . Weapon . | . . . Parts Attached 15 | 9 2 4 Power 2 | 2 . . Engine 2 | 2 . . Core . | . . . Reactor . | . . . Propulsion 5 | 4 . 1 Treads . | . . . Leg 5 | 4 . 1 Wheel . | . . . Hover . | . . . Flight . | . . . Utility 3 | 1 1 1 Device 2 | . 1 1 Storage 1 | 1 . . Processor . | . . . Hackware . | . . . Protection . | . . . Artifact . | . . . Weapon 5 | 2 1 2 Energy Gun 4 | 2 . 2 Energy Cannon . | . . . Ballistic Gun 1 | . 1 . Ballistic Cannon . | . . . Launcher . | . . . Special Weapon . | . . . Impact Weapon . | . . . Slashing Weapon . | . . . Piercing Weapon . | . . . Special Melee Weapon . | . . . Unidentified Prototypes . | . . . Parts Lost 6 | . . 6 Power 1 | . . 1 Propulsion 1 | . . 1 Utility 1 | . . 1 Weapon 3 | . . 3 Highest Loss Streak 5 | . . 5 Average Slot Usage (%) 92 | . 99 88 Engine 12 | . 14 12 Leg 26 | . 28 25 Device 12 | . 13 12 Storage 14 | . 14 14 Energy Gun 14 | . 18 11 Ballistic Gun 11 | . 9 12 Naked Turns . | . . . Heaviest Build 13 | 12 13 13 Greatest Support 20 | 20 20 20 Greatest Overweight (x) 1 | . . 1 Average Overweight (x) . | . . . Largest Inventory Capacity 6 | 6 6 6 Average Capacity 5 | 5 6 6 Most Carried 6 | 4 6 6 Average Carried 4 | 1 5 4 Final Capacity 6 | 6 6 6 Final Carried 5 | 4 5 5 Class Distribution -------------------- 100% | Mutant Dominant Class ---------------- Mutant | -10/Materials Mutant | -10/Mines Resources | -11 -10 -10 ----------- Run | Scr Mat Min Matter Collected 353 | 240 62 51 Remotely 113 | . 62 51 Salvage Created 154 | . 68 86 Parts 12 | . 7 5 Haulers Intercepted . | . . . Recyclers Shooed . | . . . Parts Field Recycled . | . . . Retrieved Matter . | . . . Parts Self-Destructed . | . . . Prevented . | . . . Kills | -11 -10 -10 ------- Run | Scr Mat Min Combat Hostiles Destroyed 5 | . 3 2 Guns 5 | . 3 2 Classes Destroyed 3 | . 2 1 Tunneler 1 | . 1 . Swarmer 3 | . 3 . Grunt 2 | . . 2 Best Kill Streak 3 | . 3 2 Combat Bots Only 3 | . 3 2 Max Kills in Single Turn 1 | . 1 1 Gunslinging . | . . . Exploded . | . . . Melee . | . . . Uniques/NPCs Destroyed . | . . . Combat | -11 -10 -10 -------- Run | Scr Mat Min Damage Taken 822 | . 112 710 Core 271 | . 9 262 Absorbed by Shields . | . . . Core Remaining (%) 100 | 100 . . Volleys Fired 21 | . 12 9 Largest 2 | . 2 2 Hottest 80 | . 80 60 Shots Fired 41 | . 23 18 Gun 41 | . 23 18 Cannon . | . . . Launcher . | . . . Special . | . . . Kinetic 14 | . 5 9 Thermal 17 | . 11 6 Explosive . | . . . Electromagnetic 10 | . 7 3 Robot Hit Streak 7 | . 3 7 Robot Miss Streak 4 | . 4 1 Penetration Max . | . . . Secondary Targets . | . . . Shots Hit Robots 22 | . 8 14 Core Hits 11 | . 5 6 Critical Hits . | . . . Critical Kills . | . . . Critical Parts Destroyed . | . . . Melee Attacks . | . . . Impact . | . . . Slashing . | . . . Piercing . | . . . Sneak Attacks . | . . . Combat Hostiles . | . . . Follow-up Attacks . | . . . Damage Inflicted 211 | . 75 136 Guns 211 | . 75 136 Cannons . | . . . Explosions . | . . . Melee . | . . . Ramming . | . . . Kinetic 49 | . 9 40 Thermal 99 | . 44 55 Explosive . | . . . Electromagnetic 63 | . 22 41 Impact . | . . . Slashing . | . . . Piercing . | . . . Highest Corruption . | . . . Average Corruption . | . . . Corruption Purged . | . . . Overload Shots . | . . . Overflow Damage . | . . . Projectiles . | . . . Explosions . | . . . Melee . | . . . Knockbacks . | . . . Impact . | . . . Kinetic . | . . . Secondary . | . . . Self-Inflicted Damage . | . . . Shots . | . . . Rammed . | . . . Targets Rammed . | . . . Kicked . | . . . Crushed . | . . . Highest Temperature 126 | . 126 89 Average Temperature 52 | . 52 53 Received Heat Transfer 81 | . . 81 Siege Activations . | . . . Robots Corrupted . | . . . Combat Hostiles . | . . . Parts Fried . | . . . Impact Corruptions . | . . . Robots Melted . | . . . Combat Hostiles . | . . . Parts Melted . | . . . Heat Transferred 225 | . 100 125 Parts Sabotaged . | . . . Parts Stolen . | . . . Parts Stripped . | . . . Power Chain Reactions . | . . . Missiles Intercepted . | . . . Alert | -11 -10 -10 ------- Run | Scr Mat Min Peak Influence 105 | . 105 80 Initial 40 | . . 40 Average 61 | . 71 68 Maximum Alert Level . | . . . Low Security (%) 100 | 100 100 100 Level 1 . | . . . Level 2 . | . . . Level 3 . | . . . Level 4 . | . . . Level 5 . | . . . High Security . | . . . Max Security . | . . . Squads Dispatched 1 | . 1 . Investigation . | . . . Extermination . | . . . Reinforcement 1 | . 1 . Assault . | . . . Garrison . | . . . Intercept . | . . . Construction Impeded . | . . . Haulers Reinforced . | . . . Stealth | -11 -10 -10 --------- Run | Scr Mat Min Distress Signals 2 | . . 2 Communications Jammed . | . . . Distress Signals . | . . . Times Spotted 29 | . 7 22 Peak Tracking Total 18 | . 4 18 Tactical Retreats 2 | . 1 1 Traps | -11 -10 -10 ------- Run | Scr Mat Min Traps Triggered . | . . . Indirectly . | . . . Trap Hack Attempts . | . . . Triggered . | . . . Disarmed . | . . . Reprogrammed . | . . . Reused . | . . . Traps Extracted . | . . . Installed . | . . . Triggered . | . . . Machines | -11 -10 -10 ---------- Run | Scr Mat Min Machines Disabled . | . . . Max in Single Turn . | . . . Machines Sabotaged . | . . . Garrisons Compromised . | . . . Overloaded Fab Kills . | . . . Fab Network Shutdowns . | . . . Hacking | -11 -10 -10 --------- Run | Scr Mat Min Machines Accessed 2 | . 2 . Terminals 1 | . 1 . Fabricators . | . . . Repair Stations . | . . . Recycling Units 1 | . 1 . Scanalyzers . | . . . Garrison Access . | . . . Total Hacks 10 | . 10 . Successful 7 | . 7 . Failed 3 | . 3 . Catastrophic . | . . . Database Lockouts . | . . . Manual . | . . . Terminals 4 | . 4 . Fabricators . | . . . Repair Stations . | . . . Recycling Units 6 | . 6 . Scanalyzers . | . . . Garrison Access . | . . . Terminal Hacks 2 | . 2 . Record 2 | . 2 . Fabricator Hacks . | . . . Repair Station Hacks . | . . . Recycling Unit Hacks 5 | . 5 . Process 2 | . 2 . Report Inventory 2 | . 2 . Retrieve Matter 1 | . 1 . Scanalyzer . | . . . Garrison Access Hacks . | . . . Unauthorized Hacks . | . . . Terminals . | . . . Fabricators . | . . . Repair Stations . | . . . Recycling Units . | . . . Scanalyzers . | . . . Garrison Access . | . . . Data Cores Recovered . | . . . Used . | . . . Hacking Detections 2 | . 2 . Full Trace Events 1 | . 1 . Feedback Events . | . . . Feedback Blocked . | . . . Robot Schematics Acquired . | . . . Robots Built . | . . . Matter . | . . . Time . | . . . Total Robot Build Rating . | . . . Part Schematics Acquired . | . . . Parts Built . | . . . Matter . | . . . Time . | . . . Total Part Build Rating . | . . . Parts Repaired . | . . . Time . | . . . Parts Recycled . | . . . Recycled Matter 11 | . 11 . Retrieved Matter 11 | . 11 . Retrieved Components . | . . . Parts Scanalyzed . | . . . Part Schematics Acquired . | . . . Parts Damaged . | . . . Bothacking | -11 -10 -10 ------------ Run | Scr Mat Min Used RIF Installer . | . . . Robots Hacked . | . . . Non-combat . | . . . Combat . | . . . Robot Hacks Applied . | . . . Relay Couplers Released . | . . . Robots Rewired . | . . . Allies Hacked . | . . . Hacks Repelled . | . . . Allies | -11 -10 -10 -------- Run | Scr Mat Min Total Allies . | . . . Largest Group . | . . . Highest-Rated Group . | . . . Highest-Rated Ally . | . . . Total Orders . | . . . Ally Attacks . | . . . Total Damage . | . . . Kills . | . . . Allies Corrupted . | . . . Allies Melted . | . . . Intel | -11 -10 -10 ------- Run | Scr Mat Min Robot Analysis Total . | . . . Derelict Logs Recovered 1 | . . 1 Drone Launches . | . . . Drone Recoveries . | . . . Exploration | -11 -10 -10 ------------- Run | Scr Mat Min Turns Passed 547 | 67 185 295 Spaces Moved 358 | 46 97 215 Core 8 | 8 . . Treads . | . . . Legs 350 | 38 97 215 Wheels . | . . . Hover . | . . . Flight . | . . . Fastest Speed 50 | 50 120 120 Average Speed 119 | 107 120 121 Slowest Speed 150 | 120 120 150 Overloaded Moves . | . . . Propulsion Burnouts . | . . . Robots Hopped . | . . . Cave-ins Triggered . | . . . Exploration Rate (%) 26 | 4 25 49 Regions Visited 2 Branch Regions 1 Pre-discovered Areas 1 | . . 1 Known Exits Taken . | . . . Unknown Exits Taken 2 | 1 1 . Scrap Searched . | . . . Spaces Dug . | . . . Terrain Destroyed . | . . . Melee . | . . . Projectile . | . . . AOE . | . . . Terrain Rammed . | . . . Walls Destroyed . | . . . Machines Disabled . | . . . Actions | -11 -10 -10 --------- Run | Scr Mat Min Total 439 | 62 143 234 Wait 28 | . 28 . Move 356 | 45 96 215 Hop . | . . . Pick Up 11 | 5 3 3 Fast Attach 6 | 5 1 . Attach 5 | 4 . 1 Detach 3 | 3 . . Swap 4 | . 1 3 Drop 5 | . 2 3 Fire 21 | . 12 9 Melee . | . . . Ram . | . . . Kick . | . . . Crush . | . . . Escape Stasis . | . . . Rewire . | . . . Trap . | . . . Miscellaneous . | . . . Route ------- -11/Scrapyard -10/Materials (discovered 2 exits: [*Mat] / [*Min]) -10/Mines History --------- Turn | Location | Event 4 | -11/Scrapyard | Discovered new exit (range 13) 68 | -11/Scrapyard | Entered Materials 197 | -10/Materials | Discovered new exit (range 13) 197 | -10/Materials | Discovered new exit (range 12) 253 | -10/Materials | Entered Mines 259 | -10/Mines | Met a Derelict bent on vengeance 323 | -10/Mines | Learned location of Storage (-7) 325 | -10/Mines | Build established: Mutant 466 | -10/Mines | Assembled infested the area 510 | -10/Mines | Core integrity fell below 50% 538 | -10/Mines | Lost 5 parts (1p1n1u2w) 547 | -10/Mines | Core integrity fell below 20% 548 | -10/Mines | Destroyed by D-53 Grenadier with Mini Grenade Launcher Last Messages --------------- 00473_ K-01 Serf system terminally corrupted. 00481_ Sml. Laser destroyed. 00486_ R-06 Scavenger system terminally corrupted. 00487_ Aluminum Leg destroyed. 00489_ Knocked back. 00494_ as-71784 destroyed. 00494_ as-87376 destroyed. 00496_ as-27527 sneak attacks. 00496_ U-05 Engineer system corrupted by crushing effect. 00497_ U-05 Engineer system terminally corrupted. 00498_ as-72646 destroyed. 00498_ as-92490 destroyed. 00500_ Tractor Beam destroyed. 00500_ as-79284 destroyed. 00506_ Ion Engine destroyed. 00506_ as-27527 destroyed. 00507_ as-27328 destroyed. 00507_ Lgt. Assault Rifle destroyed. 00512_ as-56653 destroyed. 00514_ as-56057 destroyed. Map ----- +----------------------------------------------------+ | ????????# ##?????## !???????## | | ????????# #???### ## ????????# | | ????????# ##?? #????????# %## | | ????????# #?? #???????## # | | ????????# #?## ???????## % # | | ???????## ##? #??????# | | ??????## #?## #??????# | | ?????## ##?# ######## | | ????## ######## | | ????# ##???## =% % | | ????# ##??## ! * % ### | | ????# #### %| !%=## #?# # | | ????## ## #####? #?## ## | | ????## ! ##?????# #??# ##? | | ???## % ##???????## #??# ##?? | | ???# #?????????## #??# #??? | | ???# ##??????????#### #??# #??? | | ???# #######??????????????## ##??# ??? | | ???# ##?????????????????????####???# ??? | | ???# #?????????????????????????????#####?? | | ???# ##??????????????????????????????????? | | ???# ##???????????########??????????????? | | ??## #??????????# #??????????????? | | ??# #####????## #??????????????? | | ??# #?#### #??????????????? | | ??# ### @ #???????????????? | | ??# ### ## ###???????????????? | | ??# ###?# # ###?????????????????? | | ??## #????# # ##???????????????????? | | ???###?????# d ##???????????????????? | | ???????????# ##??????????????????? | | ???????????#### # ##?????????????????? | | ??????????????###### #?????????????????? | | ??????????????????## #?????????????????? | | ????????????????### ##?????????????????? | | ???????????????## ####???????????????? | | ???????????##### ##??????????????? | | ??????????## #??????????????? | | ??????????# ##??????????????? | | ??????????# ##### ##???????????????? | | ??????????## ##???# ####????????????????? | | ???????????## #????# #???????????????????? | | ????????????# #????# #???????????????????? | | ????????????# ##???# #######?????????????? | | ????????????# ##### #?????????????? | | ????????????# ###### ## #?????????????? | | ????????????## #???# #????????????????? | | ?????????????## #???# #????????????????? | | ??????????????## ###### #????????????????? | | ???????????????## ### #????????????????? | +----------------------------------------------------+ Best States ------------- Heat Dissipation 25 Energy Generation 10 Energy Capacity 250 Matter Stores 300 Matter Capacity 300 Sight Range 16 Terrain Scan Density 10 Evasion (%) 40 Item Schematics ----------------- None Robot Schematics ------------------ None Fabricated ------------ Nothing Alien Tech Used ----------------- None Achievements -------------- Use The Force Challenges ------------ None Game ------ Seed TargetingBoreLaser Manual? 0 Play Time 00:12:56 Cumulative 6.1 hours Start 2022.01.16 @ 23:35:28 End 2022.01.16 @ 23:49:38 Sessions 1 Manual Loads 0 Difficulty Rogue Special Mode None Game No. 9 Rogue 9 Adventurer 0 Explorer 0 Win Type - Total 0 Types 0/0/0/0/0/0/0/0/0 Lore% 6 Gallery% 9 Achievement% 8 Wizard Run 0 Options --------- ASCII 0 Keyboard 0 Movement Mouse Keybinds 0 Fullscreen 2 Font 18/X11Bold Map View 76x50 Tactical HUD 1 Map Filters NONE Filters NONE Steam 1 RUN: 14b2f919-b7b9-4ff3-8d14-59c06dcc96da